 Seeded DCSS version 0.32-a0-996-gb3226c233f (webtiles) character file.

Game seed: 202404233 (custom seed)

7492 Orlauf the Carver (level 10, -1/84 (85) HPs)
             Began as a Demonspawn Gladiator on Apr 23, 2024.
             Was a Follower of Qazlal.
             Slain by a yak (8 damage)
             ... on level 10 of the Dungeon.
             The game lasted 00:14:44 (9633 turns).

Orlauf the Carver (Demonspawn Gladiator)            Turns: 9633, Time: 00:14:45

HP:   -1/84 (85)    AC: 13    Str: 18    XL:     10   Next: 95%
MP:   13/13         EV: 20    Int:  8    God:    Qazlal [*.....]
Gold: 499           SH:  1    Dex: 16    Spells: 9/9 levels left

rFire   . . .        a - +1 long sword (flame)
rCold   . . .        (no shield)
rNeg    . . .        B - +0 plate armour
rPois   .            (helmet unavailable)
rElec   .            d - +0 cloak
rCorr   .            (no gloves)
SInv    +            (no boots)
Will    .....        j - amulet of the acrobat Stlth
                     n - ring of see invisible
HPRegen 0.34/turn    (no ring)
MPRegen 0.13/turn

%: acrobat
@: acrobatic, lightly drained
A: horns 3, icy blue scales 1, demonic guardian 3
a: Renounce Religion


You were on level 10 of the Dungeon.
You worshipped Qazlal.
Qazlal was aware of your devotion.
You visited 2 branches of the dungeon, and saw 11 of its levels.

You collected 587 gold pieces.
You spent 88 gold pieces at shops.

Inventory:

Hand Weapons
 a - a +1 long sword of flaming (weapon)
 b - a +0 short sword of draining
 m - a +1 falchion of draining
 p - a +0 scimitar of flaming
 r - a +2 long sword of holy wrath
 E - a +0 great sword
Missiles
 e - 10 javelins (quivered)
 G - a curare-tipped dart
Armour
 d - a +0 cloak (worn)
 g - a +2 scale mail of fire resistance
 i - a +1 chain mail
 B - a +0 plate armour (worn)
Jewellery
 f - a ring of wizardry
 j - an amulet of the acrobat (around neck)
 n - a ring of see invisible (left hand)
Wands
 q - a wand of polymorph (6)
 t - a wand of flame (17)
 w - a wand of warping (9)
 x - a wand of charming (12)
 y - a wand of mindburst (18)
 C - a wand of acid (5)
Scrolls
 h - 2 scrolls of silence
 k - 2 scrolls of immolation
 l - a scroll of revelation
 s - 3 scrolls of teleportation
 A - 5 scrolls of identify
 D - a scroll of enchant armour
 F - a scroll of poison
Potions
 c - a potion of might
 o - a potion of mutation
 u - 3 potions of attraction
 v - a potion of ambrosia
 z - a potion of curing


   Skills:
 * Level 10.0 Fighting
 + Level 12.3 Long Blades
 - Level 1.7 Throwing
 + Level 1.8 Armour
 - Level 2.6 Dodging
 + Level 4.7 Invocations


You had 9 spell levels left.
You didn't know any spells.
Your spell library contained the following spells:

 Spells                   Type           Power      Damage    Failure   Level
 Apportation              Tloc           0%         N/A       100%        1
 Necrotise                Necr           0%         1d4       100%        1
 Sandblast                Erth           0%         2d4       100%        1
 Sting                    Conj/Alch      0%         1d3       100%        1
 Summon Small Mammal      Summ           0%         N/A       100%        1
 Static Discharge         Conj/Air       0%         3-3/arc   100%        2
 Call Canine Familiar     Summ           0%         N/A       100%        3
 Passwall                 Erth           0%         N/A       100%        3
 Sigil of Binding         Hex            0%         N/A       100%        3
 Stone Arrow              Conj/Erth      0%         3d7       100%        3
 Airstrike                Air            0%         2d(0-16)  100%        4
 Dimensional Bullseye     Hex/Tloc       0%         N/A       100%        4
 Ignite Poison            Fire/Alch      0%         N/A       100%        4
 Sticky Flame             Fire/Alch      0%         2d4       100%        4
 Summon Lightning Spire   Summ/Air       0%         N/A       100%        4
 Alistair's Intoxication  Alch           0%         N/A       100%        5
 Borgnjor's Vile Clutch   Necr/Erth      0%         N/A       100%        5
 Eringya's Noxious Bog    Alch           0%         4d6       100%        6
 Ignition                 Fire           0%         3d3       100%        8


Dungeon Overview and Level Annotations

Branches:
Dungeon (10/15)            Temple (1/1) D:6            Lair (0/5) D:9
    Orc (0/2) D:9

Altars:
Ashenzari
Cheibriados
Dithmenos
Fedhas
Gozag
Hepliaklqana
Kikubaaqudgha
Makhleb
Nemelex Xobeh
Okawaru
Qazlal
Ru
Sif Muna
Trog
Uskayaw
Vehumet
Wu Jian
Xom
Yredelemnul

Shops:
D:1 !**[!   D:10 =

Annotations:
D:9 2 transporters


Innate Abilities, Weirdness & Mutations

You have a pair of large horns on your head.
You are partially covered in icy blue scales. (AC +2)
A powerful demonic guardian rushes to your aid.


Message History

The yak closely misses you.
The yak gores the bush but does no damage.
You hit the yak but do no damage. You headbutt the yak!
You kill the yak!
Qazlal accepts your kill. The yak gores you but does no damage.
The yak gores the bush but does no damage.
The yak gores the bush.
The yak gores the bush but does no damage.
You slash the yak! You burn the yak. Your headbutt misses the yak.
The yak is moderately wounded.
The yak gores the bush. x2
The wyvern bites you. The yak closely misses you.
The yak gores the bush but does no damage.
The wyvern closely misses you. The yak closely misses you.
You hit the yak. You burn the yak.
The yak is lightly wounded.
The wyvern closely misses you.
The yak gores the bush but does no damage.
The yak gores you!
* * * LOW HITPOINT WARNING * * *
You hit the yak but do no damage. You headbutt the yak.
The yak is heavily wounded.
The wyvern bites the bush!
The yak gores you!
* * * LOW HITPOINT WARNING * * *
A demonic guardian appears!
The yak closely misses you.
Unknown command.
The wyvern bites the bush.
The yak attacks as it pursues you! The yak completely misses you.
The yak closely misses you.
The wyvern bites the bush but does no damage.
Your soul eater hits the bush.
The yak gores the bush!
The bush is destroyed!
The yak attacks as it pursues you! The yak gores you.
* * * LOW HITPOINT WARNING * * *
The yak attacks as it pursues you! The yak barely misses you.
Your soul eater hits the wyvern but does no damage.
The yak attacks as it pursues you! The yak closely misses you.
The yak attacks as it pursues you! The yak gores you!
You die... ....... ....... ....... ...... ....# ....# ################....### ..........@Y.k..†......
PPPP..PPPP.Y_Y†3PPP..PP

.......................
##....#.##.#####...## .
###....#.##....# ...#
#.#......#.#####.# ####
#.#.#......)...#.#
#.#.#.[....###.#.#
#.#.#......# #.#.#


You could see 3 yaks, a wyvern (ally target) and a friendly soul eater
(summoned).

Vanquished Creatures
  2 two-headed ogres (D:9)
  A troll (D:10)
  Sigmund (D:5)
  Eustachio (D:4)
  8 yaks
  2 acid dragons (D:9)
  An orc warrior (D:8)
  3 sky beasts
  An ice beast (D:6)
  A black bear (D:4)
  2 phantoms
  Blork the orc (D:5)
  A kobold brigand (D:9)
  3 bullfrogs
  A gnoll sergeant (D:5)
  10 wights (D:10)
  3 howler monkeys
  A crimson imp (D:8)
  4 hounds
  3 orc priests
  2 sleepcaps (D:6)
  2 jellies
  Crazy Yiuf (D:4)
  4 iguanas
  Jessica (D:3)
  Natasha (thrice) (D:4)
  10 orc wizards
  3 gnolls
  9 adders
  3 white imps
  2 dart slugs
  A ribbon worm (D:2)
  23 orcs
  5 bats
  6 endoplasms
  2 giant cockroaches
  10 goblins
  8 hobgoblins
  4 jackals
  2 quokkas
  6 ball pythons
  3 frilled lizards
  15 kobolds
  8 rats
183 creatures vanquished.

Vanquished Creatures (collateral kills)
  A hornet (D:7)
  7 yaks
  A wyvern (D:10)
  A wraith (D:9)
  Menkaure (D:5)
  An iguana (D:5)
  Ijyb (D:5)
  2 orcs (D:5)
15 creatures vanquished.

Vanquished Creatures (others)
  An orc wizard (D:4)
1 creature vanquished.

Grand Total: 199 creatures vanquished

Notes
Turn   | Place    | Note
-------+----------+-------------------------------------------
     0 | D:1      | Orlauf the Demonspawn Gladiator began the quest for the
                  | Orb.
     0 | D:1      | Reached XP level 1. HP: 16/16 MP: 1/1
    99 | D:1      | Found Botepp's Assorted Antiques.
   108 | D:1      | Reached skill level 3 in Long Blades
   151 | D:1      | Found Moasuor's General Store.
   187 | D:1      | Gained mutation: You have a pair of small horns on your
                  | head. [demonic ancestry]
   187 | D:1      | Reached XP level 2. HP: 12/22 MP: 2/2
   411 | D:1      | Found Anam's Distillery.
   432 | D:1      | Found Tojelere's Armour Shop.
   572 | D:1      | Found Oxzocile's Distillery.
   912 | D:1      | Bought a scroll labelled QUEGRAQINE for 22 gold pieces
   967 | D:2      | Gained mutation: A weak demonic guardian rushes to your
                  | aid. [demonic ancestry]
   967 | D:2      | Reached XP level 3. HP: 23/28 MP: 3/3
  1087 | D:1      | Bought a scroll labelled MIPRAC ORIVVI for 22 gold pieces
  1234 | D:2      | Reached skill level 4 in Long Blades
  1234 | D:2      | Reached XP level 4. HP: 34/34 MP: 4/4
  1873 | D:1      | Bought a scroll labelled GUGOEP MEKULL for 22 gold pieces
  1873 | D:1      | Bought a scroll labelled GUGOEP MEKULL for 22 gold pieces
  2145 | D:3      | Found an opulent altar of Gozag.
  2225 | D:3      | Found a faded altar of an unknown god.
  2469 | D:3      | Noticed Jessica
  2475 | D:3      | Found a shimmering blue altar of Sif Muna.
  2491 | D:3      | Killed Jessica
  2492 | D:3      | Gained mutation: You have a pair of horns on your head.
                  | [demonic ancestry]
  2492 | D:3      | Reached XP level 5. HP: 39/41 MP: 5/5
  2657 | D:4      | Noticed Eustachio
  2674 | D:4      | Killed Eustachio
  2675 | D:4      | Reached skill level 5 in Long Blades
  2675 | D:4      | Gained mutation: You are partially covered in icy blue
                  | scales. (AC +2) [demonic ancestry]
  2675 | D:4      | Reached XP level 6. HP: 26/48 MP: 6/6
  2801 | D:4      | Noticed Natasha
  2814 | D:4      | Killed Natasha
  2815 | D:4      | Reached skill level 6 in Long Blades
  2916 | D:4      | Found a runed translucent door.
  2917 | D:4      | Noticed Crazy Yiuf
  2930 | D:4      | Killed Crazy Yiuf
  3171 | D:4      | Gained mutation: A demonic guardian rushes to your aid.
                  | [demonic ancestry]
  3171 | D:4      | Reached XP level 7. HP: 53/55 MP: 7/7
  3220 | D:4      | Noticed Natasha
  3235 | D:4      | Killed Natasha
  3377 | D:4      | Noticed Natasha
  3383 | D:4      | Killed Natasha
  3538 | D:5      | Entered Level 5 of the Dungeon
  3547 | D:5      | Reached skill level 5 in Fighting
  3824 | D:5      | Reached skill level 7 in Long Blades
  3890 | D:5      | Noticed Blork the orc
  3897 | D:5      | Killed Blork the orc
  3977 | D:5      | Noticed Sigmund
  3986 | D:5      | Killed Sigmund
  3987 | D:5      | Gained mutation: You have a pair of large horns on your
                  | head. [demonic ancestry]
  3987 | D:5      | Reached XP level 8. HP: 64/64 MP: 8/8
  4288 | D:5      | Noticed Ijyb
  4288 | D:5      | Noticed Menkaure
  4292 | D:5      | Reached skill level 8 in Long Blades
  4303 | D:5      | Killed Menkaure
  4305 | D:5      | Killed Ijyb
  4796 | D:6      | Found a staircase to the Ecumenical Temple.
  4805 | Temple   | Entered the Ecumenical Temple
  5452 | D:7      | You fall into a shaft and drop 3 floors!
  5452 | D:10     | Entered Level 10 of the Dungeon
  5459 | D:10     | Found Yrphimuch's Jewellery Boutique.
  5461 | D:10     | Found a sparkling altar of Nemelex Xobeh.
  5517 | D:10     | Reached skill level 9 in Long Blades
  5544 | D:10     | Reached XP level 9. HP: 41/72 MP: 9/9
  5875 | D:10     | Noticed a troll
  5887 | D:10     | Killed a troll
  5994 | D:10     | Reached skill level 10 in Long Blades
  6220 | D:9      | Noticed a two-headed ogre
  6231 | D:9      | Killed a two-headed ogre
  6232 | D:9      | Reached skill level 11 in Long Blades
  6404 | D:8      | Gained mutation: A powerful demonic guardian rushes to your
                  | aid. [demonic ancestry]
  6404 | D:8      | Reached XP level 10. HP: 82/82 MP: 10/10
  7417 | D:8      | Found a stormy altar of Qazlal.
  7490 | D:8      | Became a worshipper of Qazlal Stormbringer
  7693 | D:8      | Identified the +5 morningstar of Wemmina {venom, rPois}
  7699 | D:8      | Found a burning altar of Makhleb.
  7760 | D:8      | Reached skill level 1 in Invocations
  8390 | D:9      | Found a staircase to the Lair.
  8699 | D:9      | Reached skill level 12 in Long Blades
  9067 | D:9      | Found a staircase to the Orcish Mines.
  9071 | D:9      | Found a transporter.
  9109 | D:9      | Noticed a two-headed ogre
  9118 | D:9      | Killed a two-headed ogre
  9119 | D:9      | Reached skill level 1 in Armour
  9252 | D:9      | Found a transporter.
  9403 | D:10     | Found a blossoming altar of Fedhas.
  9455 | D:10     | Reached * piety under Qazlal
  9590 | D:10     | Found a radiant altar of Vehumet.
  9613 | D:10     | Reached skill level 10 in Fighting
  9633 | D:10     | Slain by a yak

Illustrated notes

Levels and vault maps discovered:
D:1:      tarquinn_simple_flora_water_f, layout_basic, serial_shops,
          nicolae_shop_peninsula, shop, nicolae_shop_crystal,
          nicolae_shop_advertising_works [nicolae_subvault_shop_adworks], shop
D:2:      layout_loops_cross, basic_altar
D:3:      layout_rooms, tgw_sif, nicolae_gozag_seed_capital,
          chequers_ecumenical_altar_lobes, serial_rivers,
          chequers_serial_rivers_small_3, chequers_serial_rivers_marsh,
          chequers_serial_rivers_micro_e, chequers_serial_rivers_marsh,
          glass_columns_a
D:4:      layout_rooms, uniq_eustachio, uniq_natasha, uniq_crazy_yiuf_cottage
D:5:      layout_basic, uniq_blork_the_orc, uniq_sigmund, uniq_ijyb,
          uniq_menkaure
D:6:      layout_gridville, minmay_temple_entry_arrows
D:7:      layout_basic, nrook_uturn
D:8:      layout_basic, mainiacjoe_overflow_concentric_impassable,
          makhleb_grotto_becter, kennysheep_minor_cross
D:9:      layout_roguey, mainiacjoe_overflow_chevrons, lair_entry_dummy,
          orc_0_dummy, nicolae_diode_stairs
D:10:     layout_basic, nemelex_diamond_rough_becter,
          mainiacjoe_overflow_alcove_1, mainiacjoe_overflow_boulevard,
          serial_shops, shop
Temple:   eino_temple_lava

Skill      XL: |  1  2  3  4  5  6  7  8  9 10 |
---------------+-------------------------------+-----
Long Blades    | 3 4 5 6 7 9 11 12 | 12.3
Fighting       | 3 4 5 7 8 10 | 10.0
Invocations    | 4 |  4.7
Armour         | 1 |  1.8
Throwing       | |  1.7
Dodging        | |  2.6

Action                     |  1- 3 |  4- 6 |  7- 9 | 10-12 || total
---------------------------+-------+-------+-------+-------++-------
  Melee: Long sword        |    97 |   127 |   203 |   214 ||   641
         Headbutt          |     8 |    19 |    43 |    50 ||   120
  Throw: Throwing net      |       |     3 |     5 |     1 ||     9
         Javelin           |       |       |       |     1 ||     1
  Evoke: Wand              |       |       |     4 |     2 ||     6
    Use: Scroll            |     2 |     7 |     9 |       ||    18
         Potion            |       |       |     6 |       ||     6
   Stab: Sleeping          |     1 |       |       |       ||     1
         Held in net/web   |       |       |     1 |     2 ||     3
         Distracted        |       |       |       |     1 ||     1
 Armour: Leather armour    |    14 |       |       |       ||    14
         Chain mail        |    54 |    51 |       |       ||   105
         Scale mail        |       |    69 |   117 |       ||   186
         Plate armour      |       |       |    63 |   178 ||   241
  Dodge: Dodged            |    44 |    84 |   116 |    60 ||   304
  Block: Other             |       |       |       |     3 ||     3

Table legend: (Time is in decaauts)
 A = Elapsed time spent in this place.
 B = Non-inter-level travel time spent in this place.
 C = Inter-level travel time spent in this place.
 D = Time resting spent in this place.
 E = Time spent auto-exploring this place.
 F = Levels seen in this place.
 G = Mean time per level.
                   A        B        C        D        E       F      G
               +--------+--------+--------+--------+--------+-----+--------+
         Total |   9651 |   9310 |    341 |   1381 |   6330 |  11 |  877.4 |
       Dungeon |   9649 |   9308 |    341 |   1381 |   6330 |  10 |  964.9 |
        Temple |      1 |      1 |      0 |      0 |      0 |   1 |    1.0 |
               +--------+--------+--------+--------+--------+-----+--------+

Top non-repeatable levels by time:
     D:9: 1248 daAuts
     D:4: 1175 daAuts
     D:1: 1002 daAuts
     D:8: 998 daAuts
    D:10: 978 daAuts
     D:7: 963 daAuts
     D:5: 947 daAuts
     D:2: 946 daAuts
     D:3: 724 daAuts
     D:6: 664 daAuts
  Temple: 1 daAuts
